 Dungeon Crawl Stone Soup version 0.31-a0-986-g5e6e4ef867 (webtiles) character file.

Game seed: 4489357239746315311

1848 Zonian the Magician (level 8, -2/41 HPs)
             Began as a Deep Elf Conjurer on Nov 4, 2023.
             Was a Follower of Vehumet.
             Slain by an acid dragon (8 damage)
             ... on level 7 of the Dungeon.
             The game lasted 00:18:40 (9316 turns).

Zonian the Magician (Deep Elf Conjurer)             Turns: 9316, Time: 00:18:41

Health: -2/41      AC:  2    Str:  4    XL:     8   Next: 88%
Magic:  16/28      EV: 20    Int: 26    God:    Vehumet [*.....]
Gold:   265        SH:  9    Dex: 22    Spells: 2/19 levels left

rFire   + + +        g - staff of conjuration
rCold   + . .        w - +3 buckler of the Lost Yaks {rF+++ rN+ MP+9 Dex+3}
rNeg    + . .        x - +1 robe {rC+ rF+}
rPois   .            (no helmet)
rElec   .            (no cloak)
rCorr   .            B - +0 pair of gloves
SInv    .            A - +1 pair of boots
Will    .....        l - amulet of regeneration
Stlth   ++++         k - +6 ring of dexterity
HPRegen 1.06/turn    i - +5 ring of evasion
MPRegen 0.21/turn

%: no passive effects
@: corroded
A: no striking features
a: Renounce Religion


You were on level 7 of the Dungeon.
You worshipped Vehumet.
Vehumet was aware of your devotion.
You visited 2 branches of the dungeon, and saw 9 of its levels.

You collected 265 gold pieces.

Inventory:

Hand Weapons
 d - a +1 dagger of protection
 f - a +0 dagger of chaos
 C - a +1 vampiric short sword
Missiles
 q - 3 poisoned darts
 t - 2 throwing nets
 D - 6 boomerangs
Armour
 a - a +0 robe
 n - a +1 cloak
 p - a +0 leather armour
 w - the +3 buckler of the Lost Yaks (worn) {rF+++ rN+ MP+9 Dex+3}
   (You acquired it on level 5 of the Dungeon)

   Dex+3:     It affects your dexterity (+3).
   rF+++:     It renders you almost immune to fire.
   rN+:       It protects you from negative energy.
   MP+9:      It affects your magic capacity (+9).
 x - a +1 robe of resistance (worn)
 A - a +1 pair of boots (worn)
 B - a +0 pair of gloves (worn)
Magical Staves
 g - a staff of conjuration (weapon)
Jewellery
 i - a +5 ring of evasion (right hand)
 k - a +6 ring of dexterity (left hand)
 l - an amulet of regeneration (around neck)
 r - a ring of protection from cold
Wands
 y - a wand of roots (2)
Scrolls
 e - 2 scrolls of blinking
 h - 2 scrolls of revelation
 j - 3 scrolls of amnesia
 s - a scroll of fear
 E - a scroll of fog
 F - a scroll of teleportation
Potions
 b - 2 potions of magic
 c - 3 potions of curing
 m - a potion of heal wounds
 u - a potion of resistance
 v - a potion of lignification
 z - a potion of invisibility


   Skills:
 + Level 5.7 Dodging
 + Level 6.1 Stealth
 + Level 2.4 Shields
 + Level 6.4 Spellcasting
 + Level 6.4 Conjurations
 + Level 4.9 Hexes
 + Level 1.3 Translocations
 - Level 1.1 Ice Magic
 + Level 3.2 Air Magic
 + Level 3.7 Poison Magic


You had 2 spell levels left.
You knew the following spells:

 Your Spells              Type           Power      Damage    Failure   Level
a - Magic Dart            Conj           100%       1d8       1%          1
b - Searing Ray           Conj           100%       2d8       1%          2
c - Dazzling Flash        Conj/Hex       100%       N/A       3%          3
d - Mephitic Cloud        Conj/Pois/Air  47%        N/A       6%          3
e - Jinxbite              Hex            68%        N/A       2%          2
f - Ensorcelled Hibernat  Hex/Ice        48%        N/A       5%          2
g - Iskenderun's Mystic   Conj/Tloc      42%        2d10      26%         4

Your spell library contained the following spells:

 Spells                   Type           Power      Damage    Failure   Level
 Shock                    Conj/Air       100%       1d9       1%          1
 Call Imp                 Summ           16%        N/A       19%         2
 Scorch                   Fire           16%        2d5       19%         2
 Fulminant Prism          Conj/Hex       27%        3d13      12%         4
 Gell's Gravitas          Tloc           15%        N/A       22%         3
 Teleport Other           Tloc           15%        N/A       22%         3
 Flame Wave               Conj/Fire      37%        2d10      34%         4
 Anguish                  Hex/Necr       10%        N/A       41%         4
 Dispersal                Tloc           7%         N/A       100%        6
 Summon Cactus Giant      Summ           4%         N/A       100%        6


Dungeon Overview and Level Annotations

Branches:
Dungeon (8/15)             Temple (1/1) D:4
   Lair: D:8-11

Altars:
Ashenzari
Cheibriados
Dithmenos
Elyvilon
Fedhas
Gozag
Hepliaklqana
Kikubaaqudgha
Makhleb
Nemelex Xobeh
Qazlal
Ru
Sif Muna
Trog
Vehumet
Wu Jian
Xom
Yredelemnul
The Shining One

Annotations:
D:4 2 runed translucent doors, Sigmund; Tollund's ghost, amateur TeAE
D:5 1 exclusion
D:6 Grinder


Message History

Unknown command.
Casting: Ensorcelled Hibernation (safe; 5% risk of failure)
Confirm with . or Enter, or press ? or * to list all spells.
Aiming: Searing Ray (safe; 1% risk of failure)
Press: ? - help, Shift-Dir - straight line, f/p - acid dragon
Aim: an acid dragon (asleep, 100% to hit)
You feel a surge of power!
The searing ray hits the acid dragon!
The acid dragon is moderately wounded.
The acid dragon roars! (Press . to maintain the ray.)
You hear an angry buzzing noise. x2; You hear a bellow! x2
The searing ray hits the acid dragon but does no damage.
The acid dragon is moderately wounded.
Unknown command.
The searing ray hits the acid dragon!
The acid dragon is severely wounded.
The searing ray misses the killer bee.
Unknown command.
The acid dragon closely misses you. The acid dragon barely misses you.
The killer bee stings you.
You climb upwards.
There is a stone staircase leading down here.
Unknown command.
Casting: Searing Ray (safe; 1% risk of failure)
Confirm with . or Enter, or press ? or * to list all spells.
Aiming: Searing Ray (safe; 1% risk of failure)
Press: ? - help, Shift-Dir - straight line, f - acid dragon
Aim: an acid dragon (severely wounded, 83% to hit)
You feel a surge of power!
The searing ray hits the acid dragon.
The acid dragon is severely wounded. (Press . to maintain the ray.)
The acid dragon spits acid at you. The splash of acid hits you!!
Ouch! That really hurt!
* * * LOW HITPOINT WARNING * * *
The acid corrodes you!
The searing ray hits the acid dragon.
The acid dragon is almost dead.
The acid dragon bites you!
You die...

#)..............#...#######
#.########..#.#.#.#.##.....
#.####...#..#...#.#.##.....
#..[.....#..#..............
######.###......#.###......
#......#.....#........
###.#..###.###.##.....
#...#D.###.....##.....
#####@...[[.)..[......
########<[(##.....
###.##..... #.##.....
#######'#######
#..............
#.####.........
#....'.........
######.........


You could see an acid dragon (catching breath).

Vanquished Creatures
  A hornet (D:7)
  A wyvern (D:7)
  An orc warrior (D:7)
  A black bear (D:7)
  An ogre (D:5)
  A centaur (D:8)
  A phantom (D:6)
  3 scorpions
  4 wights
  2 howler monkeys (D:8)
  3 hounds
  5 jellies
  2 sleepcaps
  4 orc wizards
  2 iguanas
  9 adders
  2 ufetubi (D:6)
  2 worms
  11 orcs
  9 bats
  4 endoplasms
  2 giant cockroaches
  6 goblins
  7 hobgoblins
  5 kobolds
  2 quokkas
  2 ball pythons
  3 frilled lizards
  10 rats
106 creatures vanquished.

Notes
Turn   | Place    | Note
-------+----------+-------------------------------------------
     0 | D:1      | Zonian the Deep Elf Conjurer began the quest for the Orb.
     0 | D:1      | Reached XP level 1. HP: 10/10 MP: 6/6
   257 | D:1      | Reached XP level 2. HP: 15/15 MP: 6/8
   862 | D:2      | Learned a level 2 spell: Searing Ray
   994 | D:2      | Reached XP level 3. HP: 19/19 MP: 0/10
  1284 | D:2      | Learned a level 3 spell: Dazzling Flash
  1748 | D:3      | Reached skill level 1 in Hexes
  1748 | D:3      | Reached XP level 4. HP: 24/24 MP: 6/11
  1962 | D:3      | Identified the +1 dagger "Lueteuv" {venom, rCorr Str+4
                  | Int-5}
  2202 | D:3      | Reached skill level 5 in Conjurations
  2210 | D:3      | Learned a level 3 spell: Mephitic Cloud
  2898 | D:4      | Found a large runed translucent door.
  2898 | D:4      | Found a large runed translucent door.
  2906 | D:4      | Reached XP level 5. HP: 28/28 MP: 4/13
  2976 | D:4      | Noticed Tollund's ghost (amateur TeAE)
  3210 | D:4      | Found a staircase to the Ecumenical Temple.
  3221 | Temple   | Entered the Ecumenical Temple
  3242 | Temple   | Became a worshipper of Vehumet
  3808 | D:4      | Noticed Sigmund
  3873 | D:4      | Found an opulent altar of Gozag.
  3875 | D:4      | Found an ornate altar of the Wu Jian Council.
  4483 | D:5      | Entered Level 5 of the Dungeon
  4505 | D:5      | Reached skill level 1 in Poison Magic
  4697 | D:5      | Noticed an ogre
  4713 | D:5      | Killed an ogre
  4714 | D:5      | Reached XP level 6. HP: 32/32 MP: 8/15
  4783 | D:5      | Learned a level 2 spell: Jinxbite
  4786 | D:5      | Learned a level 2 spell: Ensorcelled Hibernation
  4853 | D:5      | Identified a scroll of acquirement
  4853 | D:5      | Identified the of Ytax (You acquired it on level 5 of the
                  | Dungeon)
  4853 | D:5      | Acquired the +3 buckler of the Lost Yaks {rF+++ rN+ MP+9
                  | Dex+3}
  5086 | D:5      | Reached skill level 1 in Air Magic
  5717 | D:6      | Reached skill level 5 in Spellcasting
  5717 | D:6      | Reached XP level 7. HP: 33/36 MP: 12/16
  6075 | D:6      | Reached skill level 1 in Ice Magic
  6137 | D:6      | Reached skill level 1 in Shields
  6228 | D:6      | Noticed Grinder
  6362 | D:6      | Found a stormy altar of Qazlal.
  6365 | D:6      | Found an ancient bone altar of Kikubaaqudgha.
  6927 | D:7      | Reached skill level 5 in Stealth
  7459 | D:7      | Reached XP level 8. HP: 41/41 MP: 11/18
  7745 | D:7      | Noticed a hornet
  7764 | D:7      | Killed a hornet
  7765 | D:7      | Reached skill level 5 in Dodging
  7775 | D:7      | Reached * piety under Vehumet
  7775 | D:7      | Offered knowledge of Shock by Vehumet.
  8327 | D:7      | Learned a level 4 spell: Iskenderun's Mystic Blast
  9047 | D:7      | Reached skill level 1 in Translocations
  9316 | D:7      | Slain by an acid dragon

Illustrated notes

Levels and vault maps discovered:
D:1:      scummos_arrival_hexagon, layout_loops_ring
D:2:      layout_rooms
D:3:      layout_basic
D:4:      layout_basic, zin_scriptorium, amethyst_overflow_temple_binary,
          minmay_temple_entry_butterflies, ebering_ghost_disaster_area,
          uniq_sigmund
D:5:      layout_basic
D:6:      layout_loops_cross, nicolae_overflow_squiral, uniq_grinder
D:7:      layout_basic, minmay_liquid_box
D:8:      layout_rooms, nicolae_overflow_hidden_temple, grunt_ministairs_3
Temple:   eino_wide_crystal_templ

Skill      XL: |  1  2  3  4  5  6  7  8 |
---------------+-------------------------+-----
Stealth        | 3 4 5 6 |  6.1
Dodging        | 3 4 5 |  5.7
Hexes          | 1 2 3 4 |  4.9
Spellcasting   | 4 5 6 |  6.4
Conjurations   | 5 6 |  6.4
Poison Magic   | 1 2 3 |  3.7
Air Magic      | 1 2 3 |  3.2
Ice Magic      | 1 |  1.1
Shields        | 1 2 |  2.4
Translocations | 1 |  1.3

Action                     |  1- 3 |  4- 6 |  7- 9 || total
---------------------------+-------+-------+-------++-------
  Melee: Staff             |     2 |     2 |    37 ||    41
         Punch             |       |       |     1 ||     1
   Cast: Magic Dart        |    71 |    65 |    78 ||   214
         Searing Ray       |     1 |     9 |    24 ||    34
         Ensorcelled Hiber |       |       |     3 ||     3
         Dazzling Flash    |       |       |     3 ||     3
         Mephitic Cloud    |       |       |     1 ||     1
  Evoke: Wand              |       |       |     1 ||     1
    Use: Scroll            |     2 |    12 |     4 ||    18
   Stab: Sleeping          |     1 |       |       ||     1
 Armour: Robe              |     4 |     9 |    38 ||    51
  Dodge: Dodged            |     3 |    11 |    98 ||   112
  Block: Buckler           |       |     1 |     2 ||     3

Table legend: (Time is in decaauts)
 A = Elapsed time spent in this place.
 B = Non-inter-level travel time spent in this place.
 C = Inter-level travel time spent in this place.
 D = Time resting spent in this place.
 E = Time spent auto-exploring this place.
 F = Levels seen in this place.
 G = Mean time per level.
                   A        B        C        D        E       F      G
               +--------+--------+--------+--------+--------+-----+--------+
         Total |   9324 |   8914 |    410 |   3113 |   4583 |   9 | 1036.0 |
       Dungeon |   9287 |   8892 |    395 |   3113 |   4583 |   8 | 1160.9 |
        Temple |     36 |     21 |     15 |      0 |      0 |   1 |   36.0 |
               +--------+--------+--------+--------+--------+-----+--------+

Top non-repeatable levels by time:
     D:7: 1887 daAuts
     D:6: 1762 daAuts
     D:4: 1548 daAuts
     D:3: 1182 daAuts
     D:5: 1143 daAuts
     D:2: 906 daAuts
     D:1: 807 daAuts
     D:8: 48 daAuts
  Temple: 36 daAuts
